 Dungeon Crawl Stone Soup version 0.24-a0-539-g6aae15eeb0 (webtiles) character file.

Game seed: 15708803669195472681

199 Delarado the Changer (level 5, -14/33 HPs)
             Began as an Octopode Transmuter on Aug 17, 2019.
             Demolished by an ogre
             ... wielding a cursed -1 giant club
              (30 damage)
             ... on level 4 of the Dungeon.
             The game lasted 00:13:08 (3069 turns).

Delarado the Changer (Octopode Transmuter)          Turns: 3069, Time: 00:13:08

Health: -14/33     AC:  2    Str:  9    XL:     5   Next: 77%
Magic:  5/8        EV: 20    Int: 16    God:
Gold:   136        SH:  0    Dex: 18    Spells: 2/8 levels left

rFire    . . .     SeeInvis .     - Unarmed
rCold    . . .     Gourm    .   (shield currently unavailable)
rNeg     . . .     Faith    .   (helmet currently unavailable)
rPois    .         Spirit   .   (no amulet)
rElec    .         Reflect  .   u - ring of poison resistance
rCorr    .         Harm     .   (no ring)
MR       .....                  (no ring)
Stlth    ++........             (no ring)
HPRegen  0.11/turn              (no ring)
MPRegen  0.11/turn              (no ring)
                                (no ring)
                                (no ring)

@: spider-form
A: tiny, almost no armour, stealthy swim, (amphibious), 8 rings, (constrict 8)
a: End Transformation


You were on level 4 of the Dungeon.
You were not hungry.
You were a venomous arachnid creature.
You visited 1 branch of the dungeon, and saw 4 of its levels.

You collected 136 gold pieces.

Inventory:

Missiles
 a - 61 arrows
 b - 89 stones (quivered)
 t - 13 boomerangs
Jewellery
 u - a ring of poison resistance (left front leg)
Scrolls
 g - a scroll of fog {unknown}
 i - a scroll of magic mapping
 j - 2 scrolls of enchant armour {unknown}
 l - a scroll of teleportation {unknown}
 m - a scroll of noise {unknown}
 o - a scroll of enchant weapon {unknown}
 p - a scroll of remove curse {unknown}
 q - 2 scrolls of fear {unknown}
Potions
 d - a potion of cancellation {unknown}
 e - a potion of might
 f - a potion of berserk rage
 h - a potion of curing
 k - 2 potions of haste
 n - a potion of lignification
 r - a potion of heal wounds
Comestibles
 c - 12 rations
 s - 2 chunks of flesh


   Skills:
 - Level 1.0 Fighting
 - Level 2.0 Dodging
 - Level 3.0 Unarmed Combat
 - Level 2.0 Spellcasting
 + Level 4.5 Transmutations
 - Level 4.0 Poison Magic


You had 2 spell levels left.
You knew the following spells:

 Your Spells              Type           Power        Failure   Level  Hunger
a - Beastly Appendage     Tmut           ###...       11%         1    #......
b - Sticks to Snakes      Tmut           ###.....     14%         2    ###....
c - Spider Form           Tmut/Pois      ###.......   26%         3    ###....

Your spell library contained the following spells:

 Spells                   Type           Power        Failure   Level  Hunger
 Ice Form                 Ice/Tmut       #.......     82%         4    #####..
 Blade Hands              Tmut           ###.......   83%         5    ######.


Dungeon Overview and Level Annotations

Branches:
Dungeon (4/15)
 Temple: D:4-7

Altars:


Innate Abilities, Weirdness & Mutations

You cannot wear most types of armour.
You are very stealthy in the water. (Stealth+)
((You are amphibious.))
You can wear up to eight rings at the same time.
((You can use your tentacles to constrict eight enemies at once.))
((Your skin changes colour to match your surroundings (Stealth+).))
((Your rubbery body absorbs attacks. (AC +1, EV +1)))


Message History

The ogre hits you with a cursed -1 giant club!
Ouch! That really hurt!
You bite the ogre!
The ogre looks as sick as possible!
The ogre is heavily wounded.
The ogre completely misses you.
You barely miss the ogre.
The ogre is heavily wounded.
You hit the ogre.
The ogre looks as sick as possible!
The ogre is heavily wounded.
The ogre misses you.
You hit the ogre but do no damage.
The ogre looks as sick as possible!
The ogre is heavily wounded.
The ogre misses you.
You hit the ogre.
The ogre looks as sick as possible!
The ogre is severely wounded.
You hit the ogre.
The ogre looks as sick as possible!
The ogre is almost dead.
The ogre hits you with a cursed -1 giant club!!
Ouch! That really hurt!
You die...

......# .. #......#
......# #......#
......# #......#
......# #......#
......# #......#
......# #####
######......#
......#
##....##....#......#
......#
#...........#......#
......#
#.....Os....+......#
......#
#.....##....#......#
......# #....
#....#......#
......# ####
#....#......#
......#
#....'......#
......#
..######......#
......#
..............#
......#
................#
#######
..............#.+


You could see an ogre.

Vanquished Creatures
  Jessica (D:2)
  A worker ant (D:4)
  4 adders
  2 worms
  3 leopard geckos (D:3)
  7 bats
  2 giant cockroaches
  6 goblins
  3 hobgoblins
  7 jackals
  A quokka (D:2)
  A ball python (D:1)
  A frilled lizard (D:2)
  4 kobolds
  5 rats
48 creatures vanquished.

Vanquished Creatures (collateral kills)
  A howler monkey (D:4)
  A worker ant (D:4)
  A worm (D:2)
3 creatures vanquished.

Grand Total: 51 creatures vanquished

Notes
Turn   | Place    | Note
-------+----------+-------------------------------------------
     0 | D:1      | Delarado the Octopode Transmuter began the quest for the
                  | Orb.
     0 | D:1      | Reached XP level 1. HP: 13/13 MP: 3/3
   110 | D:1      | Reached XP level 2. HP: 8/18 MP: 1/5
   363 | D:1      | Learned a level 2 spell: Sticks to Snakes
   887 | D:2      | Reached XP level 3. HP: 20/23 MP: 4/6
   955 | D:2      | Learned a level 3 spell: Spider Form
   991 | D:2      | Reached skill level 1 in Poison Magic
  1269 | D:2      | Noticed Jessica
  1317 | D:2      | Killed Jessica
  1317 | D:2      | Reached XP level 4. HP: 10/28 MP: 1/7
  1800 | D:3      | Noticed a bullfrog
  2555 | D:4      | Reached XP level 5. HP: 26/33 MP: 4/8
  3060 | D:4      | Noticed an ogre
  3069 | D:4      | Demolished by an ogre

Levels and vault maps discovered:
D:1:      scummos_arrival_simple_fountains, layout_basic
D:2:      layout_rooms, first_ration, uniq_jessica
D:3:      layout_loops_ring, serial_bayou_pond_a, kennysheep_big_empty_room,
          minmay_fractal_squares_gapless_5
D:4:      layout_gridville, serial_shops, shop_fountains,
          kennysheep_generic_room_7

Skill      XL: |  1  2  3  4  5 |
---------------+----------------+-----
Transmutations | 3 4 |  4.5
Poison Magic   | 2 4 |  4.0
Fighting       | |  1.0
Dodging        | |  2.0
Unarmed Combat | |  3.0
Spellcasting   | |  2.0

Action                   |  1- 3 |  4- 6 || total
-------------------------+-------+-------++-------
Melee: Unarmed           |    78 |    67 ||   145
       Constrict         |    18 |    16 ||    34
       Kick              |     6 |     5 ||    11
       Tentacles         |     8 |    11 ||    19
       Punch             |     2 |     2 ||     4
Throw: Stone             |    14 |    28 ||    42
 Cast: Beastly Appendage |    11 |    11 ||    22
       Sticks to Snakes  |     4 |     4 ||     8
       Spider Form       |       |     2 ||     2
  Use: Scroll            |       |     7 ||     7
 Stab: Sleeping          |     4 |       ||     4
       Distracted        |       |     1 ||     1
  Eat: Chunk             |     2 |     6 ||     8
Armor: Skin              |    13 |     3 ||    16
Dodge: Dodged            |    55 |    32 ||    87

Table legend:
 A = Non-vault XP
 B = Vault XP
 C = Vault XP percentage of total XP
 D = Non-vault monster count
 E = Vault monster count
 F = Vault count percentage of total count
                 A         B        C        D         E       F
            +---------+---------+-------+---------+---------+-------
      Total |     250 |      35 |  12.3 |      50 |       1 |   2.0
            +---------+---------+-------+---------+---------+-------
        D:1 |      33 |       0 |   0.0 |      19 |       0 |   0.0
        D:2 |      30 |      35 |  53.8 |      11 |       1 |   8.3
        D:3 |      52 |       0 |   0.0 |      13 |       0 |   0.0
        D:4 |     135 |       0 |   0.0 |       7 |       0 |   0.0
            +---------+---------+-------+---------+---------+-------
